 Dungeon Crawl Stone Soup version 0.28.0-53-g5a82cb258f (webtiles) character file.

Game seed: 15949379695809031687

2 Descartes the Magician (level 1, -1/9 HPs)
             Began as a Felid Wanderer on May 20, 2022.
             Slain by a hobgoblin (5 damage)
             ... on level 1 of the Dungeon.
             The game lasted 00:00:15 (63 turns).

Descartes the Magician (Felid Wanderer)               Turns: 63, Time: 00:00:16

Health: -1/9       AC:  1    Str:  6    XL:     1   Next: 33%
Magic:  6/6        EV: 15    Int: 13    God:
Gold:   0          SH:  0    Dex: 17    Spells: 7/8 levels left
                                        Lives:  0   Deaths: 0

rFire   . . .      SeeInvis +   (weapon unavailable)
rCold   . . .      Faith    .   (shield unavailable)
rNeg    . . .      Spirit   .   (armour unavailable)
rPois   .          Reflect  .   (helmet unavailable)
rElec   .          Harm     .   (cloak unavailable)
rCorr   .          Rampage  .   (gloves unavailable)
Will    .....                   (boots unavailable)
Stlth   ++........              (no amulet)
HPRegen 0.03/turn               (no ring)
MPRegen 0.10/turn               (no ring)

@: quick
A: very small, claws 1, fangs 3, see invisible, speed 1, shaggy fur 1, stealthy
paws, no weapons or thrown items, no armour, multi-lived
a: no special abilities


You were on level 1 of the Dungeon.
You visited 1 branch of the dungeon, and saw 1 of its levels.

Inventory:

Miscellaneous
 a - a phial of floods


   Skills:
 - Level 1.0 Fighting
 + Level 0.4 Dodging
 - Level 2.6 Stealth
 + Level 0.2 Unarmed Combat
 - Level 4.0 Spellcasting
 + Level 0.5 Translocations
 - Level 3.2 Evocations


You had 7 spell levels left.
You knew the following spells:

 Your Spells              Type           Power      Damage    Failure   Level
a - Apportation           Tloc           8%         N/A       17%         1

Your spell library contained the following spells:

 Spells                   Type           Power      Damage    Failure   Level
 Teleport Other           Tloc           4%         N/A       45%         3


Dungeon Overview and Level Annotations

Branches:
Dungeon (1/15)

Altars:


Innate Abilities, Weirdness & Mutations

You have sharp claws.
You have razor-sharp teeth.
You have supernaturally acute eyesight. (SInv)
You cover ground quickly. (Speed+)
You are covered in fur. (AC +1)
Your paws help you pounce on unaware monsters.
You are incapable of wielding weapons or throwing items.
You cannot wear armour.
You gain extra lives every three experience levels.


Message History

The hobgoblin is almost dead.
The hobgoblin hits you but does no damage.
You barely miss the hobgoblin.
The hobgoblin is almost dead.
The hobgoblin barely misses you.
You barely miss the hobgoblin.
The hobgoblin is almost dead.
The hobgoblin barely misses you. The hobgoblin closely misses you.
You scratch the hobgoblin.
You kill the hobgoblin!
The hobgoblin closely misses you.
You scratch the frilled lizard but do no damage.
The frilled lizard misses you. The hobgoblin barely misses you.
You barely miss the frilled lizard. The frilled lizard bites you.
The hobgoblin misses you.
You completely miss the frilled lizard. The frilled lizard closely misses you.
The hobgoblin hits you.
You are too injured to fight recklessly!
You are too injured to fight recklessly!
You are too injured to fight recklessly!
You are too injured to fight recklessly!
You are too injured to fight recklessly!
You are too injured to fight recklessly!
You are too injured to fight recklessly!
You are too injured to fight recklessly!
You are too injured to fight recklessly!
You are too injured to fight recklessly!
You are too injured to fight recklessly!
You are too injured to fight recklessly!
You are too injured to fight recklessly!
You are too injured to fight recklessly!
You are too injured to fight recklessly!
You are too injured to fight recklessly!
You are too injured to fight recklessly!
You scratch the frilled lizard.
You kill the frilled lizard!
You scratch the hobgoblin but do no damage.
The hobgoblin hits you.
Ouch! That really hurt!
You die...

##.. . #... .## #..#
.... #..##....
##..#.....
#####.........
#.....g....... #g#
####### ########@#.##..
......###....#..........
#........#.(............
.........####......#....
.......>...........# ...
..†................# ..
###.##########....... .
#.# ####.#<#....###.
#.###...[.##.##..#


You could see a hobgoblin and a goblin.

Vanquished Creatures
  A hobgoblin (D:1)
  A frilled lizard (D:1)
  A rat (D:1)
3 creatures vanquished.

Notes
Turn   | Place    | Note
-------+----------+-------------------------------------------
     0 | D:1      | Descartes the Felid Wanderer began the quest for the Orb.
     0 | D:1      | Descartes set off with the following items: a phial of
                  | floods; and the following spell memorised: Apportation; and
                  | the following spells available to memorise: Teleport Other
     0 | D:1      | Reached XP level 1. HP: 9/9 MP: 6/6
    63 | D:1      | Slain by a hobgoblin

Illustrated notes

Levels and vault maps discovered:
D:1:      dpeg_arrival_round_a, layout_rooms, kennysheep_small_spiral

Action                   || total
-------------------------++-------
Melee: Unarmed           ||    14
Armor: Skin              ||     1
Dodge: Dodged            ||    13
